AoeStats
← Danger

Arabia

510452669Analyzed
1v1 RM · 1d ago on Oct 1, 2026· 46m 31s· 2 players
Game mode
Random Map
Map size
Tiny (2 player)
Population
200
Speed
Normal
Resources
Standard
Victory
Conquest
Starting age
Dark Age
Ending age
Imperial Age
RankedLock teamsTeams togetherTeam positionsShared explorationLock speedFull tech treeHidden civsTurbo modeCheats
Victory
Defeat
🇲🇽 Franks · Mexico
1180
+15
🇲🇽 Inca · Mexico
1150
-15
Danger
9:17 Feudal Age
9:21 Champi Runner
11:12 Loom
15:41 Double-Bit Axe
18:05 Forging
20:53 Scale Mail Armor
22:37 Wheelbarrow
23:57 Horse Collar
24:56 Arson
30:58 Castle Age
31:11 Pikeman
32:28 Iron Casting
34:52 Fletching
41:22 Chain Mail Armor
44:41 Bodkin Arrow
48:47 Imperial Age
Tlacua_Mtz
6:44 Loom
9:05 Feudal Age
18:07 Forging
19:53 Wheelbarrow
20:01 Scale Barding Armor
22:44 Castle Age
21:10 Double-Bit Axe
23:33 Gold Mining
25:46 Iron Casting
26:02 Husbandry
31:03 Bow Saw
31:41 Hand Cart
33:31 Chain Barding Armor
36:22 Town Watch
36:58 Stone Mining
38:53 Gold Shaft Mining
39:20 Town Patrol
46:07 Imperial Age
45:11 Scale Mail Armor
46:13 Chain Mail Armor
45:49 Fletching
46:14 Elite Throwing Axeman
47:18 Conscription
46:24 Ordonnance Companies
47:08 Chivalry
Connection lost

Rejoining the realm…

Still unreachable

The connection could not be restored.

Session expired

The server has moved on; the page needs a fresh start.